NYP
EVERETT AQUASOX @ HUDSON VALLEY RENEGADES
08/15/2046
 
TOP OF THE 1ST
Everett AquaSox batting - Pitching for Hudson Valley Renegades : LHP Richie van Wijngaarden
Pitching: LHP Richie van Wijngaarden
Batting: RHB Mike Conaway 0-0: Ball
1-0: Ball
2-0: Foul Ball, location: 2F
2-1: Foul Ball, location: 2F
2-2: Ground out 4-3 (Groundball, 4, EV 101.2 MPH)
Batting: RHB Enrique Valdez 0-0: Ball
1-0: Foul Ball, location: 2F
1-1: Swinging Strike
1-2: Strikes out swinging
Batting: SHB Hatsuo Miura 0-0: Swinging Strike
0-1: Ball
1-1: Called Strike
1-2: Strikes out swinging
Top of the 1st over - 0 runs, 0 hits, 0 errors, 0 left on base; Everett 0 - Hudson Valley 0
BOTTOM OF THE 1ST
Hudson Valley Renegades batting - Pitching for Everett AquaSox : LHP Kevin Roberts
Pitching: LHP Kevin Roberts
Batting: RHB Eric Narrow 0-0: Foul Ball, location: 2F
0-1: SINGLE (Groundball, 34D, EV 100.0 MPH)
Batting: RHB Nelle Lommen 0-0: Ball
Eric Narrow steals 2nd base
1-0: Ball
2-0: Foul Ball, location: 2F
2-1: Ground out 4-3 (Groundball, 34D, EV 109.4 MPH)
Eric Narrow to third
Batting: RHB Kevin Kush 0-0: Ball
1-0: Called Strike
1-1: Fly out, F8 (Flyball, 8RM, EV 95.0 MPH)
Runner from 3rd tags up, SCORES, throw by CF
Batting: RHB Wil Urban 0-0: Foul Ball, location: 2F
0-1: Ground out U3 (Groundball, 3L, EV 90.0 MPH)
Bottom of the 1st over - 1 run, 1 hit, 0 errors, 0 left on base; Everett 0 - Hudson Valley 1
TOP OF THE 2ND
Everett AquaSox batting - Pitching for Hudson Valley Renegades : LHP Richie van Wijngaarden
Batting: LHB Taki Matsui 0-0: Ball
1-0: Foul Ball, location: 2F
1-1: Swinging Strike
1-2: Ball
2-2: Strikes out swinging
Batting: RHB Ben Alspach 0-0: Called Strike
0-1: Called Strike
0-2: Strikes out swinging
Batting: LHB Justin Long 0-0: Called Strike
0-1: Ball
1-1: Foul Ball, location: 2F
1-2: Reached on error, E4 (Groundball, 4, EV 93.1 MPH)
Batting: LHB Josh Kirk 0-0: Ball
1-0: Called Strike
1-1: Called Strike
1-2: Ball
2-2: Foul Ball, location: 2F
2-2: Strikes out swinging
Top of the 2nd over - 0 runs, 0 hits, 1 error, 1 left on base; Everett 0 - Hudson Valley 1
BOTTOM OF THE 2ND
Hudson Valley Renegades batting - Pitching for Everett AquaSox : LHP Kevin Roberts
Batting: RHB Eddie Zamora 0-0: Ball
1-0: Swinging Strike
1-1: Ball
2-1: Ground out 6-3 (Groundball, 6, EV 93.1 MPH)
Batting: LHB Rocky Crowley 0-0: Called Strike
0-1: Fly out, F7 (Line Drive, 7, EV 104.4 MPH)
Batting: RHB Evan Chalarian 0-0: Fly out, F8 (Flyball, 8RD, EV 94.4 MPH)
Bottom of the 2nd over - 0 runs, 0 hits, 0 errors, 0 left on base; Everett 0 - Hudson Valley 1
TOP OF THE 3RD
Everett AquaSox batting - Pitching for Hudson Valley Renegades : LHP Richie van Wijngaarden
Batting: RHB Ben Herman 0-0: Called Strike
0-1: Ball
1-1: Swinging Strike
1-2: Foul Ball, location: 2F
1-2: Ball
2-2: Foul Ball, location: 2F
2-2: DOUBLE (Line Drive, 89M, EV 105.6 MPH)
Batting: LHB Addisu Nyamekye 0-0: Called Strike
0-1: Ball
1-1: SINGLE (Groundball, 4D, EV 97.5 MPH)
Ben Herman to third
Runner from 3rd tries for Home, SAFE, throw by CF to home
Batting: RHB Mike Conaway Pickoff Throw to First - Error! E1
Addisu Nyamekye to second
0-0: Fly out, F9 (Flyball, 89S, EV 95.0 MPH)
Batting: RHB Enrique Valdez 0-0: Called Strike
0-1: Called Strike
0-2: Ball
1-2: Ball
2-2: Ball
3-2: Foul Ball, location: 2F
3-2: Fly out, F9 (Line Drive, 9LM, EV 86.2 MPH)
Batting: SHB Hatsuo Miura 0-0: Ball
1-0: Ball
2-0: Ball
3-0: Foul Ball, location: 2F
3-1: Foul Ball, location: 2F
3-2: 2-RUN HOME RUN (Flyball, 78XD, EV 110.0 MPH), Distance : 408 ft
Batting: LHB Taki Matsui 0-0: Swinging Strike
0-1: Ground out U3 (Groundball, 34, EV 93.1 MPH)
Top of the 3rd over - 3 runs, 3 hits, 1 error, 0 left on base; Everett 3 - Hudson Valley 1
BOTTOM OF THE 3RD
Hudson Valley Renegades batting - Pitching for Everett AquaSox : LHP Kevin Roberts
Batting: SHB Josif Popovski 0-0: Ball
1-0: Ground out 4-3 (Groundball, 4, EV 104.4 MPH)
Batting: RHB Jesus Carrillo 0-0: Foul Ball, location: 2F
0-1: Ball
1-1: Foul Ball, location: 2F
1-2: Reached on error, E3 (Groundball, 34S, EV 90.0 MPH)
Batting: RHB Eric Narrow 0-0: Foul Ball, location: 2F
0-1: Ground out 6-3 (Groundball, 6, EV 102.5 MPH)
Batting: RHB Nelle Lommen 0-0: SINGLE (Groundball, 6MD, EV 101.9 MPH)
Jesus Carrillo to third
Batting: RHB Kevin Kush 0-0: Ball
1-0: Called Strike
1-1: Called Strike
Nelle Lommen steals 2nd base
1-2: Strikes out swinging
Bottom of the 3rd over - 0 runs, 1 hit, 1 error, 2 left on base; Everett 3 - Hudson Valley 1
TOP OF THE 4TH
Everett AquaSox batting - Pitching for Hudson Valley Renegades : LHP Richie van Wijngaarden
Batting: RHB Ben Alspach 0-0: Ball
1-0: Ball
2-0: Called Strike
2-1: Foul Ball, location: 2F
2-2: Strikes out swinging
Batting: LHB Justin Long 0-0: Ball
1-0: Called Strike
1-1: Swinging Strike
1-2: Strikes out swinging
Batting: LHB Josh Kirk 0-0: Fly out, F3 (Popup, 3, EV 61.2 MPH)
Top of the 4th over - 0 runs, 0 hits, 0 errors, 0 left on base; Everett 3 - Hudson Valley 1
BOTTOM OF THE 4TH
Hudson Valley Renegades batting - Pitching for Everett AquaSox : LHP Kevin Roberts
Batting: RHB Wil Urban 0-0: Ball
1-0: Ball
2-0: Ball
3-0: Base on Balls
Batting: RHB Eddie Zamora 0-0: Foul Ball, location: 2F
0-1: Fly out, F9 (Flyball, 9D, EV 94.4 MPH)
Batting: LHB Rocky Crowley 0-0: Called Strike
0-1: Ball
1-1: Swinging Strike
1-2: Foul Ball, location: 2F
1-2: Fielders Choice at 2nd, 5-4 (Groundball, 5, EV 78.8 MPH)
Batting: RHB Evan Chalarian 0-0: Fielders Choice at 2nd, U6 (Groundball, 6M, EV 78.1 MPH)
Bottom of the 4th over - 0 runs, 0 hits, 0 errors, 1 left on base; Everett 3 - Hudson Valley 1
TOP OF THE 5TH
Everett AquaSox batting - Pitching for Hudson Valley Renegades : LHP Richie van Wijngaarden
Batting: RHB Ben Herman 0-0: SINGLE (Groundball, 34D, EV 103.1 MPH)
Batting: LHB Addisu Nyamekye 0-0: Ball
1-0: Fly out, F7 (Flyball, 78S, EV 92.5 MPH)
Batting: RHB Mike Conaway 0-0: Ball
1-0: Foul Ball, location: 2F
1-1: Ball
2-1: Called Strike
2-2: 2-RUN HOME RUN (Flyball, 89XD, EV 101.9 MPH), Distance : 405 ft
Pitching: RHP Takenori Iwata
Batting: RHB Enrique Valdez 0-0: Called Strike
0-1: Ball
1-1: Foul Ball, location: 2F
1-2: Ground out 6-3 (Groundball, 56, EV 108.8 MPH)
Batting: SHB Hatsuo Miura 0-0: Ball
1-0: Ball
2-0: Called Strike
2-1: Ball
3-1: Base on Balls
Batting: LHB Taki Matsui 0-0: Ball
1-0: Called Strike
1-1: Foul Ball, location: 2F
1-2: DOUBLE (Flyball, 7LD, EV 100.0 MPH)
Hatsuo Miura to third
Batting: RHB Ben Alspach 0-0: Swinging Strike
0-1: Ball
1-1: Called Strike
1-2: Ground out 6-3 (Groundball, 56, EV 106.9 MPH)
Top of the 5th over - 2 runs, 3 hits, 0 errors, 2 left on base; Everett 5 - Hudson Valley 1
BOTTOM OF THE 5TH
Hudson Valley Renegades batting - Pitching for Everett AquaSox : LHP Kevin Roberts
Batting: SHB Josif Popovski 0-0: SINGLE (Flyball, 3D, EV 95.6 MPH)
Batting: RHB Jesus Carrillo 0-0: Ball
Josif Popovski steals 2nd base (no throw)
1-0: Ball
2-0: Called Strike
2-1: Ground out 4-3 (Groundball, 4, EV 101.9 MPH)
Josif Popovski to third
Batting: RHB Eric Narrow 0-0: Called Strike
0-1: Ground out 4-3 (Groundball, 34, EV 78.8 MPH)
Josif Popovski scores
Batting: RHB Nelle Lommen 0-0: Ball
1-0: Ground out 4-3 (Groundball, 34, EV 103.8 MPH)
Bottom of the 5th over - 1 run, 1 hit, 0 errors, 0 left on base; Everett 5 - Hudson Valley 2
TOP OF THE 6TH
Everett AquaSox batting - Pitching for Hudson Valley Renegades : RHP Takenori Iwata
Batting: LHB Justin Long 0-0: Called Strike
0-1: Called Strike
0-2: Strikes out swinging
Batting: LHB Josh Kirk 0-0: Called Strike
0-1: Ball
1-1: Swinging Strike
1-2: Ball
2-2: Ball
3-2: Fly out, F9 (Flyball, 9LM, EV 80.6 MPH)
Batting: RHB Ben Herman 0-0: Ball
1-0: Ball
2-0: Ground out 4-3 (Groundball, 4, EV 78.1 MPH)
Top of the 6th over - 0 runs, 0 hits, 0 errors, 0 left on base; Everett 5 - Hudson Valley 2
BOTTOM OF THE 6TH
Hudson Valley Renegades batting - Pitching for Everett AquaSox : LHP Kevin Roberts
Batting: RHB Kevin Kush 0-0: Foul Ball, location: 2F
0-1: Swinging Strike
0-2: Ball
1-2: Strikes out looking
Batting: RHB Wil Urban 0-0: Called Strike
0-1: Called Strike
0-2: Strikes out swinging
Batting: RHB Eddie Zamora 0-0: Ball
1-0: Called Strike
1-1: Called Strike
1-2: Ball
2-2: Foul Ball, location: 2F
2-2: Foul Ball, location: 2F
2-2: Strikes out swinging
Bottom of the 6th over - 0 runs, 0 hits, 0 errors, 0 left on base; Everett 5 - Hudson Valley 2
TOP OF THE 7TH
Everett AquaSox batting - Pitching for Hudson Valley Renegades : RHP Takenori Iwata
Batting: LHB Addisu Nyamekye 0-0: Called Strike
0-1: Ball
1-1: Ball
2-1: Swinging Strike
2-2: Ball
3-2: Strikes out looking
Batting: RHB Mike Conaway 0-0: Called Strike
0-1: Called Strike
0-2: Ball
1-2: Foul Ball, location: 2F
1-2: SINGLE (Line Drive, 56D, EV 101.2 MPH)
Batting: RHB Enrique Valdez 0-0: Called Strike
0-1: Ball
1-1: Foul Ball, location: 2F
1-2: Ball
2-2: Ball
3-2: Foul Ball, location: 2F
3-2: Strikes out looking
Mike Conaway is caught stealing 2nd base 2-4
Batter strikes out.
Top of the 7th over - 0 runs, 1 hit, 0 errors, 0 left on base; Everett 5 - Hudson Valley 2
BOTTOM OF THE 7TH
Hudson Valley Renegades batting - Pitching for Everett AquaSox : LHP Kevin Roberts
Batting: LHB Rocky Crowley 0-0: Called Strike
0-1: Called Strike
0-2: Strikes out swinging
Batting: RHB Evan Chalarian 0-0: Called Strike
0-1: Foul Ball, location: 2F
0-2: Ball
1-2: Ball
2-2: Ball
3-2: Foul Ball, location: 2F
3-2: Foul Ball, location: 2F
3-2: Foul Ball, location: 2F
3-2: Foul Ball, location: 2F
3-2: Base on Balls
Pitching: RHP Marty Maginnis
Batting: SHB Josif Popovski 0-0: Swinging Strike
0-1: Called Strike
0-2: Fly out, F8 (Flyball, 8LM, EV 91.9 MPH)
Pinch Hitting: LHB Josh Redfern 0-0: Ball
1-0: Called Strike
1-1: Ball
2-1: Fielders Choice at 2nd, 5-4 (Groundball, 56, EV 99.4 MPH)
Bottom of the 7th over - 0 runs, 0 hits, 0 errors, 1 left on base; Everett 5 - Hudson Valley 2
TOP OF THE 8TH
Everett AquaSox batting - Pitching for Hudson Valley Renegades : RHP Takenori Iwata
Now at 2B: Tony Zizumbo
Batting: SHB Hatsuo Miura 0-0: Ball
1-0: Called Strike
1-1: Ball
2-1: Ball
3-1: Base on Balls
Pitching: LHP Jamie Houtman
Batting: LHB Taki Matsui 0-0: Called Strike
0-1: Ball
1-1: Called Strike
1-2: Ball
2-2: Strikes out swinging
Pitching: RHP Adam Worrell
Batting: RHB Ben Alspach 0-0: Swinging Strike
0-1: Ball
1-1: Called Strike
1-2: Foul Ball, location: 2F
1-2: Strikes out swinging
Batting: LHB Justin Long 0-0: Called Strike
0-1: Called Strike
0-2: Foul Ball, location: 2F
0-2: Strikes out looking
Top of the 8th over - 0 runs, 0 hits, 0 errors, 1 left on base; Everett 5 - Hudson Valley 2
BOTTOM OF THE 8TH
Hudson Valley Renegades batting - Pitching for Everett AquaSox : RHP Marty Maginnis
Batting: RHB Eric Narrow 0-0: Ball
1-0: Swinging Strike
1-1: Foul Ball, location: 2F
1-2: Ball
2-2: Strikes out swinging
Batting: RHB Nelle Lommen 0-0: Ball
1-0: Ball
2-0: Called Strike
2-1: Ball
3-1: Fly out, F4 (Flyball, 34D, EV 87.5 MPH)
Batting: RHB Kevin Kush 0-0: SOLO HOME RUN (Flyball, 7LD, EV 96.2 MPH), Distance : 349 ft
Batting: RHB Wil Urban 0-0: Foul Ball, location: 2F
0-1: Ball
1-1: Called Strike
1-2: Foul Ball, location: 2F
1-2: Strikes out looking
Bottom of the 8th over - 1 run, 1 hit, 0 errors, 0 left on base; Everett 5 - Hudson Valley 3
TOP OF THE 9TH
Everett AquaSox batting - Pitching for Hudson Valley Renegades : RHP Adam Worrell
Pitching: RHP Melvin Pena
Batting: LHB Josh Kirk 0-0: Ball
1-0: Ball
2-0: Ball
3-0: Base on Balls
Batting: RHB Ben Herman 0-0: Bunted foul
0-1: Ball
1-1: Ball
2-1: Bunt missed!
2-2: Grounds into double play, 6-4-3 (Groundball, 6, EV 90.6 MPH)
Batting: LHB Addisu Nyamekye 0-0: Swinging Strike
0-1: Foul Ball, location: 2F
0-2: Strikes out looking
Top of the 9th over - 0 runs, 0 hits, 0 errors, 0 left on base; Everett 5 - Hudson Valley 3
BOTTOM OF THE 9TH
Hudson Valley Renegades batting - Pitching for Everett AquaSox : RHP Marty Maginnis
Pitching: LHP Mitch Lewis
Now at 1B: Brian Butler
Batting: RHB Eddie Zamora 0-0: Ball
1-0: Ball
2-0: Swinging Strike
2-1: Ground out 6-3 (Groundball, 6, EV 96.2 MPH)
Batting: LHB Rocky Crowley 0-0: Ball
1-0: Called Strike
1-1: Foul Ball, location: 2F
1-2: Ball
2-2: Strikes out swinging
Batting: RHB Evan Chalarian 0-0: Foul Ball, location: 2F
0-1: Called Strike
0-2: Ball
1-2: Ball
2-2: Strikes out swinging
Bottom of the 9th over - 0 runs, 0 hits, 0 errors, 0 left on base; Everett 5 - Hudson Valley 3
Tuesday, September 13th , 2022 - OOTP Baseball 23.7 Build 88